 Dungeon Crawl Stone Soup version 0.30-a0-23-ge60ba3568b (webtiles) character file.

Game seed: 1490695335494041741

16 fozzywoppz the Trooper (level 2, 22/24 HPs)
             Began as a Demonspawn Monk on Aug 25, 2022.
             Got out of the dungeon alive.
             The game lasted 00:01:33 (629 turns).

fozzywoppz the Trooper (Demonspawn Monk)             Turns: 629, Time: 00:01:33

Health: 22/24      AC:  2    Str: 11    XL:     2   Next: 37%
Magic:  2/2        EV: 13    Int: 11    God:
Gold:   0          SH:  0    Dex: 15    Spells: 1/1 levels left

rFire   . . .      SeeInvis .      - Unarmed
rCold   . . .      Faith    .    (no shield)
rNeg    . . .      Spirit   .    a - +0 robe
rPois   .          Reflect  .    (no helmet)
rElec   .          Harm     .    (no cloak)
rCorr   .          Rampage  .    (no gloves)
Will    .....                    (no boots)
Stlth   ++........               (no amulet)
HPRegen 0.08/turn                (no ring)
MPRegen 0.08/turn                (no ring)

@: no status effects
A: demonic magic 1
a: no special abilities


You escaped.
You visited 1 branch of the dungeon, and saw 1 of its levels.

Inventory:

Missiles
 e - 5 javelins (quivered)
Armour
 a - a +0 robe (worn)
Scrolls
 d - a scroll of noise {unknown}
Potions
 b - a potion of ambrosia
 c - a potion of haste {unknown}


   Skills:
 - Level 3.1 Fighting
 - Level 3.0 Dodging
 - Level 2.0 Stealth
 + Level 3.0 Unarmed Combat


You had one spell level left.
You didn't know any spells.
Your spell library was empty.

Dungeon Overview and Level Annotations

Branches:
Dungeon (1/15)

Altars:

Shops:
D:1 [!(


Innate Abilities, Weirdness & Mutations

Spells you cast may paralyse adjacent enemies.


Message History

The giant cockroach closely misses you.
You hit the giant cockroach.
You kill the giant cockroach!
Your Unarmed Combat skill increases to level 3!
You see here a giant cockroach corpse.
A kobold is nearby!
The kobold throws a stone.
The stone hits you but does no damage.
You barely miss the kobold. Your punch misses the kobold.
The kobold closely misses you.
You closely miss the kobold. The kobold misses you.
You hit the kobold.
The kobold is moderately wounded.
The kobold barely misses you.
You closely miss the kobold. You punch the kobold, but do no damage.
The kobold is moderately wounded.
The kobold hits you with a +0 club.
You barely miss the kobold.
The kobold is moderately wounded.
The kobold hits you with a +0 club.
You barely miss the kobold.
The kobold is moderately wounded.
The kobold hits you but does no damage.
You hit the kobold.
The kobold is heavily wounded.
The kobold hits you with a +0 club.
You closely miss the kobold.
The kobold is heavily wounded.
The kobold hits you but does no damage.
You hit the kobold.
You kill the kobold!
Training target 3.0 for Dodging reached!
Your Dodging skill increases to level 3!
No target in view!
Things that are here:
a +0 club; 4 stones
There is a stone staircase leading down here.
There is a fountain of clear blue water here.
There is a staircase leading out of the dungeon here.
Are you sure you want to leave the Dungeon?
This will make you lose the game!
You have escaped!

## ### ####. ...##
.....#####.....
##..#.....#..#
##..#.......#...
#..#....@....#
#..#.......#..# #
#######.?#.....#..#
#...... #
#......$..#####..##
#.......# ..
#.......#.......##
#........ ...
#.......####.####
#.....##
...##.....### .#
#.....#.
.##.......#####..
#.....#.
................#
#.....#.


There were no monsters in sight!

Vanquished Creatures
  2 bats (D:1)
  2 endoplasms (D:1)
  2 giant cockroaches (D:1)
  3 ball pythons (D:1)
  A frilled lizard (D:1)
  A goblin (D:1)
  2 kobolds (D:1)
  2 rats (D:1)
15 creatures vanquished.

Notes
Turn   | Place    | Note
-------+----------+-------------------------------------------
     0 | D:1      | fozzywoppz the Demonspawn Monk began the quest for the Orb.
     0 | D:1      | Reached XP level 1. HP: 18/18 MP: 1/1
     9 | D:1      | Found Jygioli's Antique Armour Shop.
    14 | D:1      | Found Ziphipri's Distillery.
   170 | D:1      | Gained mutation: Spells you cast may paralyse adjacent
                  | enemies. [demonic ancestry]
   170 | D:1      | Reached XP level 2. HP: 21/24 MP: 2/2
   209 | D:1      | Found Tunudug's Weapon Emporium.
   629 | D:$      | Got out of the dungeon alive.

Illustrated notes

Levels and vault maps discovered:
D:1:      scummos_arrival_hexagon, layout_basic, serial_shops, shop_fountains,
          nicolae_shop_stone, nicolae_shop_bloodbath_and_beyond

Skill      XL: |  1  2 |
---------------+-------+-----
Stealth        | 2 |  2.0
Unarmed Combat | 3 |  3.0
Dodging        | 3 |  3.0
Fighting       | |  3.1

Action                   || total
-------------------------++-------
Melee: Unarmed           ||    56
       Punch             ||     1
 Stab: Sleeping          ||     1
Armor: Robe              ||    11
Dodge: Dodged            ||    40

Table legend: (Time is in decaauts)
 A = Elapsed time spent in this place.
 B = Non-inter-level travel time spent in this place.
 C = Inter-level travel time spent in this place.
 D = Time resting spent in this place.
 E = Time spent auto-exploring this place.
 F = Levels seen in this place.
 G = Mean time per level.
                   A        B        C        D        E       F      G
               +--------+--------+--------+--------+--------+-----+--------+
         Total |    626 |    559 |     67 |      0 |    415 |   1 |  626.0 |
       Dungeon |    626 |    559 |     67 |      0 |    415 |   1 |  626.0 |
               +--------+--------+--------+--------+--------+-----+--------+

Top non-repeatable levels by time:
     D:1: 626 daAuts
